 Dungeon Crawl Stone Soup version 0.28-a0-1356-g2ad6d04315 (webtiles) character file.

Game seed: 7075544415465613469

27 rogsnak the Gusty (level 2, -2/19 HPs)
             Began as a Demonspawn Air Elementalist on Dec 31, 2021.
             Killed from afar by a dart slug (4 damage)
             ... with a slug dart
             ... on level 2 of the Dungeon.
             The game lasted 00:02:38 (1233 turns).

rogsnak the Gusty (Demonspawn Air Elementalist)     Turns: 1233, Time: 00:02:40

Health: -2/19      AC:  3    Str:  8    XL:     2   Next: 93%
Magic:  0/5        EV: 12    Int: 16    God:
Gold:   32         SH:  0    Dex: 13    Spells: 4/5 levels left

rFire   . . .      SeeInvis .   h - +0 long sword
rCold   . . .      Faith    .   (no shield)
rNeg    . . .      Spirit   .   a - +0 robe
rPois   .          Reflect  .   (no helmet)
rElec   .          Harm     .   (no cloak)
rCorr   .          Rampage  .   b - +0 pair of gloves
Will    .....                   (no boots)
Stlth   ++........              e - amulet of regeneration
HPRegen 0.86/turn               (no ring)
MPRegen 0.09/turn               (no ring)

@: very slightly contaminated
A: spiny 1
a: no special abilities


You were on level 2 of the Dungeon.
You visited 1 branch of the dungeon, and saw 2 of its levels.

You collected 32 gold pieces.

Inventory:

Hand Weapons
 d - a +0 short sword
 h - a +0 long sword (weapon)
Missiles
 c - 10 poisoned darts
 f - 4 curare-tipped darts
Armour
 a - a +0 robe (worn)
 b - a +0 pair of gloves (worn)
 j - an orb of guile
Jewellery
 e - an amulet of regeneration (around neck)
Scrolls
 g - a scroll of identify {unknown}
 i - a scroll of magic mapping {unknown}


   Skills:
 + Level 2.0 Dodging
 - Level 1.7 Stealth
 + Level 2.2 Spellcasting
 * Level 1.7 Conjurations
 + Level 3.2 Air Magic


You had 4 spell levels left.
You knew the following spells:

 Your Spells              Type           Power      Damage    Failure   Level
a - Shock                 Conj/Air       36%        1d5       8%          1

Your spell library contained the following spells:

 Spells                   Type           Power      Damage    Failure   Level
 Static Discharge         Conj/Air       9%         N/A       11%         2
 Swiftness                Air            12%        N/A       16%         3
 Airstrike                Air            6%         N/A       47%         4
 Conjure Ball Lightning   Conj/Air       4%         3x3d6     100%        6
 Discord                  Hex            0%         N/A       100%        8
 Disjunction              Tloc           0%         N/A       100%        8


Dungeon Overview and Level Annotations

Branches:
Dungeon (2/15)

Altars:

Annotations:
D:2 Terence


Innate Abilities, Weirdness & Mutations

You are partially covered in sharp spines.


Message History

Press: ? - help, Shift-Dir - straight line, f/p - Terence
Aim: Terence, wielding a +0 mace and wearing a +0 chain mail (77% to hit)
The zap hits Terence.
Terence is lightly wounded.
The zap hits the dart slug.
The dart slug is moderately wounded.
Casting: Shock (safe; 8% risk of failure)
Confirm with . or Enter, or press ? or * to list all spells.
Aiming: Shock (safe; 8% risk of failure)
Press: ? - help, Shift-Dir - straight line, p - Terence The zap hits Terence.
Terence is moderately wounded.
The zap hits Terence but does no damage.
Terence is moderately wounded.
Terence says, "You're history."
Terence hits you with a +0 mace!
Casting: Shock (safe; 8% risk of failure)
Confirm with . or Enter, or press ? or * to list all spells.
Aiming: Shock (safe; 8% risk of failure)
Press: ? - help, Shift-Dir - straight line You miscast Shock.
Nothing appears to happen.
Terence hits you with a +0 mace.
Unknown command.
Unknown command.
Casting: Shock (safe; 8% risk of failure)
Confirm with . or Enter, or press ? or * to list all spells.
Aiming: Shock (safe; 8% risk of failure)
Press: ? - help, Shift-Dir - straight line The zap hits Terence.
Terence is heavily wounded.
The zap hits Terence but does no damage.
Terence is heavily wounded.
Terence is struck by your spines. Terence hits you with a +0 mace.
Unknown command.
You hit Terence.
Terence is severely wounded.
Terence hits you with a +0 mace.
* * * LOW HITPOINT WARNING * * *
The dart slug launches a dart at you. The slug dart hits you.
You die...

.........#
.........#### .
............#..
........>......
.........#...#
.............##
...#....w..w..##
###.<...##..###
#...!....###@@<#
#w........####.#
#.........#.#
#..#
#@#.......#.#
.....
..........# <
......
.########.#
........# .#
.......#
#########


You could see Terence and a dart slug.

Vanquished Creatures
  A dart slug (D:1)
  2 ball pythons (D:1)
  An endoplasm (D:1)
  3 giant cockroaches (D:1)
  2 hobgoblins (D:1)
  2 jackals (D:1)
  2 kobolds (D:1)
  2 quokkas (D:1)
  A frilled lizard (D:1)
  4 goblins (D:1)
  A rat (D:1)
21 creatures vanquished.

Notes
Turn   | Place    | Note
-------+----------+-------------------------------------------
     0 | D:1      | rogsnak the Demonspawn Air Elementalist began the quest for
                  | the Orb.
     0 | D:1      | Reached XP level 1. HP: 13/13 MP: 3/3
   426 | D:1      | Reached skill level 3 in Air Magic
   426 | D:1      | Gained mutation: You are partially covered in sharp spines.
                  | [demonic ancestry]
   426 | D:1      | Reached XP level 2. HP: 19/19 MP: 3/5
   839 | D:1      | You fall into a shaft and drop 1 floor!
   840 | D:2      | Noticed Terence
  1233 | D:2      | Killed from afar by a dart slug

Illustrated notes

Levels and vault maps discovered:
D:1:      minmay_arrival_nine_rooms, layout_loops_ring
D:2:      layout_rooms, ebering_ecumenical_altar_mist, uniq_terence

Skill      XL: |  1  2 |
---------------+-------+-----
Air Magic      | 3 |  3.2
Dodging        | 2 |  2.0
Stealth        | |  1.7
Spellcasting   | |  2.2
Conjurations   | |  1.7

Action                   || total
-------------------------++-------
Melee: Short sword       ||    12
       Unarmed           ||     1
       Long sword        ||     5
 Cast: Shock             ||    37
Armor: Robe              ||     8
Dodge: Dodged            ||    10

Table legend: (Time is in decaauts)
 A = Elapsed time spent in this place.
 B = Non-inter-level travel time spent in this place.
 C = Inter-level travel time spent in this place.
 D = Time resting spent in this place.
 E = Time spent auto-exploring this place.
 F = Levels seen in this place.
 G = Mean time per level.
                   A        B        C        D        E       F      G
               +--------+--------+--------+--------+--------+-----+--------+
         Total |   1235 |   1183 |     52 |    157 |    677 |   2 |  617.5 |
       Dungeon |   1235 |   1183 |     52 |    157 |    677 |   2 |  617.5 |
               +--------+--------+--------+--------+--------+-----+--------+

Top non-repeatable levels by time:
     D:1: 1218 daAuts
     D:2: 17 daAuts
